 Dungeon Crawl Stone Soup version 0.29.1-14-g9c671dbff4 (webtiles) character file.

Game seed: 18033934626222615590

93 Sanktem7 the Trooper (level 4, -3/41 HPs)
             Began as a Minotaur Fighter on Feb 18, 2023.
             Slain by Grinder (6 damage)
             ... on level 3 of the Dungeon.
             The game lasted 00:03:42 (1880 turns).

Sanktem7 the Trooper (Minotaur Fighter)             Turns: 1880, Time: 00:03:42

Health: -3/41      AC: 11    Str: 23    XL:     4   Next: 36%
Magic:  3/3        EV:  6    Int:  5    God:
Gold:   85         SH:  4    Dex:  9    Spells: 3/3 levels left

rFire   . . .      SeeInvis +   a - +0 war axe {axe}
rCold   . . .      Faith    .   c - +0 buckler
rNeg    . . .      Spirit   .   o - +0 plate armour
rPois   .          Reflect  .   (helmet restricted)
rElec   .          Harm     .   (no cloak)
rCorr   .          Rampage  .   (no gloves)
Will    .....                   (no boots)
Stlth   ..........              (no amulet)
HPRegen 0.13/turn               p - ring of see invisible
MPRegen 0.08/turn               (no ring)

@: no status effects
A: horns 2, retaliatory headbutt
a: no special abilities


You were on level 3 of the Dungeon.
You visited 1 branch of the dungeon, and saw 3 of its levels.

You collected 85 gold pieces.


Innate Abilities, Weirdness & Mutations

You have a pair of horns on your head.
You reflexively headbutt those who attack you in melee.


   Skills:
 * Level 4.9 Fighting
 * Level 4.0 Axes
 + Level 4.2 Armour
 - Level 3.6 Shields


You had 3 spell levels left.
You didn't know any spells.
Your spell library was empty.

Inventory:

Hand Weapons
 a - a +0 war axe (weapon) {axe}
 r - a +1 antimagic flail {mace}
   (You took it off an orc on level 3 of the Dungeon)
Missiles
 i - 52 stones (quivered) {throwing}
Armour
 c - a +0 buckler (worn)
 o - a +0 plate armour (worn)
   (You found it on level 1 of the Dungeon)
Jewellery
 p - a ring of see invisible (left hand)
   (You found it on level 2 of the Dungeon)
Scrolls
 f - 2 scrolls of poison {unknown}
 h - 2 scrolls of enchant armour {unknown}
 k - a scroll of vulnerability {unknown}
 l - a scroll of enchant weapon {unknown}
 m - a scroll of identify {unknown}
 q - a scroll of amnesia {unknown}
Potions
 b - 3 potions of flight {unknown}
 d - a potion of might
 e - a potion of brilliance {unknown}
 g - 4 potions of curing {unknown}
 j - 2 potions of haste {unknown}
 n - a potion of attraction {unknown}
 s - a potion of heal wounds {unknown}

Dungeon Overview and Level Annotations

Branches:
Dungeon (3/15) Zot: 16082

Altars:

Annotations:
D:3 Grinder

####### #.....#
#####.###.#######.#
....#.# #.#.......#
###.#.# #.#.#############
#.#.#.###...####........#
..#.#.#>..........##....#.
#.#)#.#........5@..)....'.
#.#.#......#.#.....#..g.#.
#.#.####.))#.#.##..# .....
.<#.# #.#[#.#......# ..##
#.#.# #.#.#.#........ ...
..#.# #.#.#.#.####...# ##
###.####.#.#.... .....
#......#.#<#.# ##...
########.#


You could see Grinder and a goblin.


Message History

An orc wizard and an orc come into view.
The orc is wielding a +1 antimagic flail.
The orc shouts!
You block the orc's attack.
You see here a +0 short sword {short}.
You barely miss the orc.
The orc wizard gestures wildly while chanting.
The orc wizard flickers and vanishes for a moment.
The orc hits you with a +0 war axe!
You closely miss the orc. You headbutt the orc, but do no damage.
The orc hits you but does no damage. 😕 HP[-8]
You take 8 damage, and now have 26/34 hp.
MASSIVE DAMAGE!! (PAUSE)
You barely miss the orc wizard. You headbutt the orc wizard! You hit the orc.
The orc wizard hits you but does no damage.
The orc hits you but does no damage.
An endoplasm comes into view.
You barely miss the orc wizard. You headbutt the orc wizard!
You kill the orc wizard!
You slash the orc!
You kill the orc!
You have reached level 4!
You feel stronger. 😕 HP[+6] MP[+1]
You now have 41 max hp (+7).
You regained 6 hp, and now have 32/41 hp.
Your mp is fully restored (3).
You hit the orc. You headbutt the orc.
The orc hits you with a +1 antimagic flail.
You feel your power leaking away. The orc barely misses you.
You furiously retaliate!
You headbutt the orc, but do no damage. 😮 HP[-4] MP[-3]
You take 4 damage, and now have 28/41 hp.
You lost 3 mp, and now have 0/3 mp.
You hit the orc.
You kill the orc!
Your Axes skill increases to level 4!
Items here: )) [[ †.
Unknown command.
You slash the endoplasm!
You kill the endoplasm! 😮 HP[+1]
r - a +1 antimagic flail {mace}
Items here: ) [[ †. 😎 HP[+12] MP[+3]
Your hp is fully restored (41).
Your mp is fully restored (3).
You now have 85 gold pieces (gained 4).
Things that are here:
a +0 war axe {axe}; a +0 scale mail
s - a clear potion
Found a stone staircase leading up.
Grinder comes into view.
Grinder shouts!
A goblin comes into view. It is wielding a +0 club.
The goblin shouts!
Grinder completely misses you.
You closely miss Grinder. Your headbutt misses Grinder.
Grinder hits you but does no damage.
Grinder blinks!
You block the goblin's attack.
You slash the goblin!
You kill the goblin!
Grinder says, "There's only one good use for a tongue: cutting it out."
Grinder barely misses you. You furiously retaliate!
You headbutt Grinder! You completely miss Grinder. Grinder gestures at you.
Pain shoots through your body!
Grinder hits you but does no damage. 😮 HP[-11]
You take 11 damage, and now have 30/41 hp.
MASSIVE DAMAGE!! (PAUSE)
You hit Grinder. Grinder hits you but does no damage.
You hit Grinder. You headbutt Grinder, but do no damage. Grinder hits you!
You writhe in agony.
* * * LOW HITPOINT WARNING * * *
😨 HP[-13]
You take 13 damage, and now have 17/41 hp.
MASSIVE DAMAGE!! (PAUSE)
You closely miss Grinder. You headbutt Grinder, but do no damage.
Grinder hits you.
* * * LOW HITPOINT WARNING * * *
You writhe in agony.
* * * LOW HITPOINT WARNING * * *
Grinder hits you.
* * * LOW HITPOINT WARNING * * *
You writhe in agony.
* * * LOW HITPOINT WARNING * * *
😱 HP[-13]
You take 13 damage, and now have 4/41 hp.
MASSIVE DAMAGE!! (PAUSE)
You hit Grinder but do no damage.
A goblin comes into view. It is wielding a +0 club.
Grinder hits you but does no damage.
Unknown command.
You barely miss Grinder.
The goblin shouts!
Grinder hits you.
* * * LOW HITPOINT WARNING * * *
You writhe in agony.
You die...

Skill      XL: |  1  2  3  4 |
---------------+-------------+-----
Fighting       | 4 |  4.9
Axes           | 3 4 |  4.0
Armour         | 4 |  4.2
Shields        | |  3.6

Action                   |  1- 3 |  4- 6 || total
-------------------------+-------+-------++-------
Melee: War axe           |    91 |    11 ||   102
       Headbutt          |    13 |     3 ||    16
Armor: Scale mail        |    24 |       ||    24
       Plate armour      |    38 |     4 ||    42
Dodge: Dodged            |    30 |     3 ||    33
Block: Buckler           |    18 |     1 ||    19

Levels and vault maps discovered:
D:1:      dpeg_arrival_rooms_c, layout_loops_ring,
          hellmonk_ecumenical_altar_lost_god
D:2:      layout_basic
D:3:      layout_basic, grunt_gozag_statues, kennysheep_pointless_box,
          due_unseen_surprise, uniq_grinder

Notes
Turn   | Place    | Note
-------+----------+-------------------------------------------
     0 | D:1      | Sanktem7 the Minotaur Fighter began the quest for the Orb.
     0 | D:1      | Reached XP level 1. HP: 19/19 MP: 0/0
     0 | D:1      | magus.rc [v1.9.6]
     0 | D:1      | magus.rc [v1.9.6]
   238 | D:1      | Reached XP level 2. HP: 27/27 MP: 1/1
   286 | D:1      | Reached skill level 4 in Fighting
   396 | D:1      | Reached skill level 3 in Axes
   429 | D:1      | Found a faded altar of an unknown god.
   811 | D:2      | Reached skill level 4 in Armour
   811 | D:2      | Reached XP level 3. HP: 26/34 MP: 2/2
  1735 | D:3      | Reached XP level 4. HP: 32/41 MP: 3/3
  1737 | D:3      | Reached skill level 4 in Axes
  1865 | D:3      | Noticed Grinder
  1878 | D:3      | HP: 8/41 [Grinder (3)]
  1880 | D:3      | HP: 3/41 [Grinder (1)]
  1880 | D:3      | Slain by Grinder

Vanquished Creatures
  An orc wizard (D:3)
  An adder (D:2)
  3 worms (D:2)
  2 dart slugs
  3 orcs (D:3)
  2 endoplasms
  2 giant cockroaches
  4 goblins
  7 hobgoblins
  2 quokkas
  2 ball pythons (D:1)
  3 bats (D:1)
  3 frilled lizards
  4 kobolds
  2 rats (D:1)
41 creatures vanquished.

Table legend:
 A = Non-vault XP
 B = Vault XP
 C = Vault XP percentage of total XP
 D = Non-vault monster count
 E = Vault monster count
 F = Vault count percentage of total count
                 A         B        C        D         E       F
            +---------+---------+-------+---------+---------+-------
      Total |     133 |       0 |   0.0 |      41 |       0 |   0.0
            +---------+---------+-------+---------+---------+-------
        D:1 |      34 |       0 |   0.0 |      19 |       0 |   0.0
        D:2 |      49 |       0 |   0.0 |      15 |       0 |   0.0
        D:3 |      50 |       0 |   0.0 |       7 |       0 |   0.0
            +---------+---------+-------+---------+---------+-------

Illustrated notes

Table legend:
 A = Kills in this place as a percentage of kills in entire the game.
 B = Kills by you in this place as a percentage of kills by you in the entire game.
 C = Kills by friends in this place as a percentage of kills by friends in the entire game.
 D = Other kills in this place as a percentage of other kills in the entire game.
 E = Experience gained in this place as a percentage of experience gained in the entire game.
 F = Experience gained in this place divided by the number of levels of this place that you have seen.
                   A       B       C       D       E      F
               +-------+-------+-------+-------+-------+----------------------
         Total | 100.0 | 100.0 |   N/A |   N/A | 100.0 |  44.3
       Dungeon | 100.0 | 100.0 |   N/A |   N/A | 100.0 |  44.3
               +-------+-------+-------+-------+-------+----------------------

Table legend: (Time is in decaauts)
 A = Elapsed time spent in this place.
 B = Non-inter-level travel time spent in this place.
 C = Inter-level travel time spent in this place.
 D = Time resting spent in this place.
 E = Time spent auto-exploring this place.
 F = Levels seen in this place.
 G = Mean time per level.
                   A        B        C        D        E       F      G
               +--------+--------+--------+--------+--------+-----+--------+
         Total |   1916 |   1869 |     47 |      0 |   1577 |   3 |  638.7 |
       Dungeon |   1916 |   1869 |     47 |      0 |   1577 |   3 |  638.7 |
               +--------+--------+--------+--------+--------+-----+--------+

Top non-repeatable levels by time:
     D:2: 919 daAuts
     D:1: 792 daAuts
     D:3: 205 daAuts
